 Dungeon Crawl Stone Soup version 0.23.2-40-g277498a001 (webtiles) character file.

Game seed: 18246005065794620984

85711 Amplified the Fighter (level 15, -19/152 HPs)
             Began as a Hill Orc Monk on Aug 20, 2019.
             Was the Champion of Makhleb.
             Demolished by a wolf spider (20 damage)
             ... on level 6 of the Lair of Beasts.
             The game lasted 00:40:30 (26093 turns).

Amplified the Fighter (Hill Orc Monk)              Turns: 26093, Time: 00:40:30

Health: -19/152    AC: 18    Str: 20    XL:     15   Next: 84%
Magic:  32/32      EV: 15    Int: 17    God:    Makhleb [******]
Gold:   1072       SH:  0    Dex: 13    Spells: 20/25 levels left

rFire    + . .     SeeInvis +   Y - +6 eveningstar of Wisdom {crush, rPois rF+ Str+4 Int-2}
rCold    . . .     Gourm    .   (no shield)
rNeg     . . .     Faith    .   L - +0 leather armour of Recklessness {rCorr MP+9 Int+2}
rPois    +         Spirit   .   R - +1 hat {SInv}
rElec    .         Reflect  .   G - +2 cloak
rCorr    +         Harm     .   M - +0 pair of gloves
MR       +....                  K - +2 pair of boots {Stlth+}
Stlth    +++.......             (no amulet)
HPRegen  0.35/turn              U - +3 ring of protection
MPRegen  0.23/turn              N - +2 ring of intelligence

@: lethally poisoned (-19 -> -66), about to teleport, berserk cooldown, very
slightly contaminated, slowed, very slow
A: yellow scales 1, robust 1
a: Minor Destruction, Lesser Servant of Makhleb, Major Destruction, Greater
Servant of Makhleb, Renounce Religion


You were on level 6 of the Lair of Beasts.
You worshipped Makhleb.
Makhleb was exalted by your worship.
You were not hungry.

You visited 4 branches of the dungeon, and saw 23 of its levels.

You collected 1359 gold pieces.
You spent 287 gold pieces at shops.

Inventory:

Hand Weapons
 s - the +10 hunting sling of Reason {venom, Dex+4}
   (You found it on level 5 of the Dungeon)

   It poisons the ammo it fires.
   It affects your dexterity (+4).
 Y - the +6 eveningstar of Wisdom (weapon) {crush, rPois rF+ Str+4 Int-2}
   (You found it on level 6 of the Lair of Beasts)

   It inflicts extra damage upon your enemies.
   It affects your strength (+4).
   It affects your intelligence (-2).
   It protects you from fire.
   It protects you from poison.
Missiles
 d - 81 poisoned needles
 p - 261 sling bullets
 u - 283 stones (quivered)
 H - 5 throwing nets
Armour
 h - a scarf of resistance
 x - the +0 scale mail of Liberty {+Inv rN+}
   (You found it on level 9 of the Dungeon)

   It protects you from negative energy.
   It lets you turn invisible.
 G - a +2 cloak (worn)
 K - a +2 pair of boots of stealth (worn)
 L - the +0 leather armour of Recklessness (worn) {rCorr MP+9 Int+2}
   (You bought it in a shop on level 4 of the Dungeon)

   It affects your intelligence (+2).
   It affects your magic capacity (+9).
   It provides partial protection from all sources of acid and corrosion.
 M - a +0 pair of gloves (worn)
 Q - a +3 ring mail
 R - a +1 hat of see invisible (worn)
Jewellery
 g - an uncursed ring of fire
 l - an uncursed ring of flight
 F - an uncursed ring of protection from cold
 N - a +2 ring of intelligence (right hand)
 U - a +3 ring of protection (left hand)
Wands
 v - a wand of enslavement (12)
 A - a wand of digging (9)
 D - a wand of iceblast (20)
 I - a wand of disintegration (7)
 O - a wand of random effects (18)
 P - a wand of paralysis (9)
 V - a wand of acid (2)
Scrolls
 f - 4 scrolls of enchant armour
 i - a scroll of teleportation
 k - 3 scrolls of remove curse
 m - 4 scrolls of amnesia
 o - 7 scrolls of enchant weapon
 W - a scroll of fog
Potions
 a - 4 potions of ambrosia
 e - 3 potions of haste
 j - a potion of mutation
 r - a potion of berserk rage
 t - a potion of magic
 z - 2 potions of lignification
 B - a potion of might
 C - 2 potions of flight
 E - a potion of invisibility
 J - 5 potions of brilliance {unknown}
 S - a potion of cancellation {unknown}
 X - 2 potions of degeneration {unknown}
Comestibles
 c - 34 rations


   Skills:
 * Level 14.6 Fighting
   Level 14.0 Axes
 - Level 12.0 Slings
 - Level 9.4 Armour
 - Level 6.3 Dodging
 - Level 1.5 Stealth
 * Level 5.7 Spellcasting
 * Level 6.8 Conjurations
 * Level 8.4 Fire Magic
 - Level 10.6 Invocations


You had 20 spell levels left.
You knew the following spells:

 Your Spells              Type           Power        Failure   Level  Hunger
a - Fireball              Conj/Fire      ####......   19%         5    ######.

Your spell library contained the following spells:

 Spells                   Type           Power        Failure   Level  Hunger
 Flame Tongue             Conj/Fire      ####.        1%          1    None
 Magic Dart               Conj           ####         1%          1    None
 Searing Ray              Conj           ####..       1%          2    #......
 Throw Flame              Conj/Fire      ####..       1%          2    #......
 Conjure Flame            Conj/Fire      ####....     1%          3    ##.....
 Throw Frost              Conj/Ice       ###...       5%          2    #......
 Sticky Flame             Conj/Fire      ####....     6%          4    ####...
 Inner Flame              Hex/Fire       ###.....     9%          3    ##.....
 Iskenderun's Mystic Bla  Conj           ####....     9%          4    ####...
 Dazzling Spray           Conj/Hex       ###...       11%         3    ##.....
 Static Discharge         Conj/Air       ###.....     11%         3    ##.....
 Stone Arrow              Conj/Erth      ###...       11%         3    ##.....
 Animate Skeleton         Necr           N/A          16%         1    None
 Apportation              Tloc           #.....       16%         1    None
 Confusing Touch          Hex            #.....       16%         1    None
 Corona                   Hex            #......      16%         1    None
 Freeze                   Ice            #...         16%         1    None
 Sandblast                Erth           #.....       16%         1    None
 Summon Small Mammal      Summ           #...         16%         1    None
 Call Imp                 Summ           #.......     22%         2    #......
 Ensorcelled Hibernation  Hex/Ice        #.....       22%         2    #......
 Passwall                 Tmut/Erth      #.......     22%         2    #......
 Swiftness                Chrm/Air       #.......     22%         2    #......
 Force Lance              Conj/Tloc      ###.....     36%         4    ####...
 Fulminant Prism          Conj/Hex       ###.......   36%         4    ####...
 Throw Icicle             Conj/Ice       ###.....     36%         4    ####...
 Call Canine Familiar     Summ           #.......     41%         3    ##.....
 Confuse                  Hex            #.......     41%         3    ##.....
 Gell's Gravitas          Tloc           #.........   41%         3    ##.....
 Ozocubu's Armour         Chrm/Ice       #.......     41%         3    ##.....
 Summon Guardian Golem    Hex/Summ       #.......     41%         3    ##.....
 Tukima's Dance           Hex            #.......     41%         3    ##.....
 Lightning Bolt           Conj/Air       ###.......   71%         5    ######.
 Passage of Golubria      Tloc           N/A          83%         4    ####...
 Petrify                  Tmut/Erth      #.......     83%         4    ####...
 Summon Ice Beast         Ice/Summ       #.......     83%         4    ####...
 Summon Lightning Spire   Summ/Air       #.......     83%         4    ####...
 Lee's Rapid Deconstruct  Erth           #.........   99%         5    ######.
 Metabolic Englaciation   Hex/Ice        #.........   99%         5    ######.
 Yara's Violent Unravell  Hex/Tmut       #.........   99%         5    ######.
 Darkness                 Hex            #.........   100%        6    #######
 Invisibility             Hex            #.......     100%        6    #######
 Ignition                 Fire           ####......   100%        8    #######
 Shatter                  Erth           #.........   100%        9    #######
 Tornado                  Air            #.........   100%        9    #######


Dungeon Overview and Level Annotations

Branches:
Dungeon (15/15)            Temple (1/1) D:5            Lair (6/6) D:8
  Swamp (0/4) Lair:4        Snake (0/4) Lair:4        Slime (0/5) Lair:6
    Orc (1/2) D:10         Vaults (0/5) D:13         Depths (0/5) D:15

Altars:
Ashenzari
Cheibriados
Dithmenos
Elyvilon
Fedhas
Gozag
Hepliaklqana
Kikubaaqudgha
Makhleb
Nemelex Xobeh
Okawaru
Qazlal
Ru
Sif Muna
Trog
Uskayaw
Vehumet
Wu Jian
Xom
Yredelemnul
Zin
The Shining One
Jiyva

Shops:
D:4 [

Annotations:
D:5
Temple
D:14 exclusion: Roxanne, Roxanne
Lair:4 2 runed translucent doors, exclusion: oklob plant, appiemonkey's ghost, journeyman MiFi


Innate Abilities, Weirdness & Mutations

You are partially covered in yellow scales. (AC +2)
You are robust. (+10% HP)


Message History

The spiny frog stings you but does no damage.
The wolf spider closely misses you. The wolf spider bites you.
* * * LOW HITPOINT WARNING * * *
You are lethally poisoned!
The wolf spider poisons you! The spiny frog barely misses you.
The wolf spider hits you but does no damage.
The wolf spider bites you but does no damage.
The guardian serpent hits you.
* * * LOW HITPOINT WARNING * * *
Okay, then.
Okay, then.
A demon appears!
* * * LOW HITPOINT WARNING * * *
You feel extremely sick.
The wolf spider hits you but does no damage.
The wolf spider barely misses you. The spiny frog stings you!!
* * * LOW HITPOINT WARNING * * *
The guardian serpent closely misses you.
The wolf spider hits you!!
You die...

##(.## ###..P...##.....## ..
##..†.#####....P..###....... ..
#..P...##........## ####.... ..
#..PP..##.........# ##.P..
..#####......###....P.## #....P
###..######..÷(###....#######..P.
#...##..##..##...###.P..#.P.#....
...##.(####.÷##Ss..###.P......P..
..##...#..#...##@2...#..PP.......
.##)..##..##...##F...P........[P#
##....#....#....##...P........P#.
#....##....##....##÷P....#....###
.....#......#.....##...#.#...## #
....##......##....##.........#
....#........#.PPPP.#..#P...## ##
....#P.P....P#P..............###.
#.......†..........#P...####.##..


You could see a wolf spider, a guardian serpent, a spiny frog and a friendly
blizzard demon.

Vanquished Creatures
  Gastronok (Lair:3)
  Agnes (D:13)
  An ironheart preserver (D:13)
  A dire elephant (Lair:6)
  Harold (D:7)
  A great orb of eyes (D:15)
  9 hydras
  A catoblepas (Lair:4)
  4 two-headed ogres
  A centaur warrior (D:13)
  2 tengu warriors
  5 death yaks
  2 unseen horrors
  2 deep elf magi (D:13)
  An orc knight (D:15)
  2 wolf spiders (D:15)
  8 ugly things
  6 cyclopes
  6 manticores
  6 centaur zombies
  Psyche (D:8)
  4 gargoyles
  Joseph (D:10)
  10 black mambas
  12 spiny frogs
  2 rime drakes (Lair:4)
  3 kobold demonologists
  3 komodo dragons
  A tengu conjurer (D:9)
  4 trolls
  A merfolk (D:9)
  9 polar bears (Lair:6)
  4 hornets
  6 slime creatures
  A dream sheep (shapeshifter) (D:15)
  15 blink frogs
  4 raiju (Lair:6)
  A meliai zombie (D:13)
  7 hippogriffs
  A dream sheep (Lair:6)
  A shadow (D:12)
  2 redbacks (Lair:6)
  4 water elementals (D:15)
  40 yaks
  5 wraiths
  6 wyverns
  4 basilisks
  5 humans (D:6)
  2 hungry ghosts
  4 wargs (Lair:6)
  5 vampire mosquitoes
  A soldier ant (D:12)
  2 acid dragons
  4 nagas (Lair:4)
  13 hell hounds (Lair:6)
  3 porcupines
  19 water moccasins
  2 hornet zombies
  19 orc warriors
  5 phantoms
  2 sky beasts
  An eye of draining (D:15)
  14 black bears
  5 ice beasts
  22 wolves
  4 boggarts
  A necrophage (D:8)
  9 ogres
  10 crocodiles
  7 centaurs
  4 big kobolds
  12 bullfrogs
  A gnoll sergeant (D:8)
  A wyvern zombie (D:10)
  A water moccasin zombie (D:11)
  3 wyvern skeletons
  5 scorpions
  12 killer bees
  2 electric eels (D:15)
  6 howler monkeys
  11 wights
  2 bullfrog zombies
  A crimson imp (D:11)
  3 jellies
  2 quasits
  5 hounds
  6 centaur skeletons
  11 orc priests
  2 gnoll shamans (D:3)
  A bullfrog skeleton (D:12)
  Ijyb (D:3)
  6 iguanas
  15 orc wizards
  9 worker ants
  A hound skeleton (D:10)
  2 howler monkey zombies
  50 gnolls
  16 adders
  3 shadow imps
  An adder skeleton (D:7)
  3 worms
  2 dart slugs (D:1)
  5 leopard geckos
  96 orcs
  5 giant cockroaches
  5 hobgoblins
  27 jackals
  8 quokkas
  A ball python (D:7)
  5 bats
  A frilled lizard (D:3)
  A giant cockroach zombie (D:5)
  4 goblins
  A jackal skeleton (D:4)
  23 kobolds
  5 rats
  A fungus (Lair:6)
  A plant (Lair:6)
761 creatures vanquished.

Vanquished Creatures (collateral kills)
  Rupert (Lair:3)
  A blink frog (Lair:4)
  3 yaks (Lair:4)
  A wolf (Lair:4)
6 creatures vanquished.

Vanquished Creatures (others)
  19 fungi
  32 plants
51 creatures vanquished.

Grand Total: 818 creatures vanquished

Notes
Turn   | Place    | Note
-------+----------+-------------------------------------------
     0 | D:1      | Amplified the Hill Orc Monk began the quest for the Orb.
     0 | D:1      | Reached XP level 1. HP: 19/19 MP: 1/1
   443 | D:1      | Reached skill level 1 in Armour
   443 | D:1      | Reached XP level 2. HP: 22/27 MP: 2/2
  1044 | D:1      | Reached XP level 3. HP: 29/33 MP: 3/3
  2105 | D:3      | Reached XP level 4. HP: 38/41 MP: 4/4
  2128 | D:3      | Reached skill level 5 in Axes
  2314 | D:3      | Gained mutation: You are partially covered in yellow
                  | scales. (AC +2) [potion of mutation]
  2314 | D:3      | Gained mutation: You are robust. (+10% HP) [potion of
                  | mutation]
  2448 | D:3      | Reached XP level 5. HP: 45/51 MP: 5/5
  2689 | D:3      | Noticed an ogre
  2746 | D:4      | Reached skill level 5 in Fighting
  2750 | D:4      | Found Omuaci's Antique Armour Shop.
  2879 | D:5      | Entered Level 5 of the Dungeon
  3020 | D:5      | Got a faintly glowing hunting sling
  3261 | D:5      | Identified the +10 hunting sling of Reason {venom, Dex+4}
                  | (You found it on level 5 of the Dungeon)
  3277 | D:5      | Reached XP level 6. HP: 61/61 MP: 6/6
  3454 | D:5      | Reached skill level 1 in Slings
  3556 | D:5      | Found a staircase to the Ecumenical Temple.
  3573 | D:5      | Reached XP level 7. HP: 69/69 MP: 7/7
  4682 | D:3      | Reached XP level 8. HP: 80/80 MP: 8/8
  4986 | D:3      | Noticed Ijyb
  4989 | D:3      | Killed Ijyb
  5160 | D:3      | Reached skill level 5 in Slings
  5686 | D:6      | Reached XP level 9. HP: 83/86 MP: 9/9
  6677 | D:7      | Noticed Harold
  6692 | D:7      | Killed Harold
  6692 | D:7      | Reached skill level 10 in Slings
  6692 | D:7      | Reached XP level 10. HP: 88/94 MP: 10/10
  7158 | D:8      | Noticed a two-headed ogre
  7182 | D:8      | Killed a two-headed ogre
  7367 | D:8      | Found a staircase to the Lair.
  7507 | D:8      | Found a shattered altar of Ashenzari.
  7668 | D:8      | Noticed Psyche
  7685 | D:8      | Killed Psyche
  8201 | D:8      | Learned a level 5 spell: Fireball
  8224 | D:9      | Noticed a tengu warrior
  8431 | D:10     | Entered Level 10 of the Dungeon
  8661 | D:10     | Found a staircase to the Orcish Mines.
  8670 | D:10     | Reached XP level 11. HP: 99/103 MP: 11/11
  8675 | D:10     | Found an ornate altar of the Wu Jian Council.
  8794 | D:10     | Noticed a two-headed ogre
  8802 | D:10     | Killed a two-headed ogre
  8952 | D:10     | Reached skill level 5 in Armour
  8953 | D:10     | Noticed Joseph
  8962 | D:10     | Killed Joseph
  9111 | D:10     | You fall through a shaft for 3 floors!
  9650 | D:11     | Noticed a cyclops
  9659 | D:11     | Killed a cyclops
  9837 | D:11     | Noticed a seven-headed hydra
  9978 | D:10     | Killed a tengu warrior
 10315 | D:9      | Got a crude scale mail
 10316 | D:9      | Identified the +0 scale mail of Liberty {+Inv rN+} (You
                  | found it on level 9 of the Dungeon)
 10342 | D:9      | Reached skill level 10 in Fighting
 10508 | D:9      | Reached skill level 10 in Axes
 10569 | D:9      | Reached XP level 12. HP: 116/116 MP: 12/12
 10670 | D:9      | Found an iron altar of Okawaru.
 11241 | D:4      | Bought a smoking leather armour for 175 gold pieces
 11241 | D:4      | Bought a helmet for 112 gold pieces
 11256 | D:4      | Identified the +0 leather armour of Recklessness {rCorr
                  | MP+9 Int+2} (You bought it in a shop on level 4 of the
                  | Dungeon)
 11344 | Temple   | Entered the Ecumenical Temple
 11457 | Temple   | Became a worshipper of Makhleb the Destroyer
 11457 | Temple   | Reached * piety under Makhleb
 11457 | Temple   | Reached ** piety under Makhleb
 11632 | D:10     | Reached skill level 1 in Invocations
 11670 | Lair:1   | Entered Level 1 of the Lair of Beasts
 12537 | Lair:1   | Found an opulent altar of Gozag.
 12919 | Lair:2   | Reached skill level 5 in Invocations
 12968 | Lair:2   | Noticed a six-headed hydra
 12981 | Lair:2   | Killed a six-headed hydra
 13693 | Lair:3   | Noticed Gastronok
 13714 | Lair:3   | Killed Gastronok
 14405 | Lair:3   | Reached *** piety under Makhleb
 14425 | Lair:3   | Noticed Rupert
 14473 | Lair:3   | Paralysed by Rupert for 7 turns
 14526 | Lair:3   | Paralysed by Rupert for 5 turns
 14532 | Lair:4   | Noticed a four-headed hydra
 14547 | Lair:4   | Noticed a seven-headed hydra
 14561 | Lair:4   | Noticed a seven-headed hydra
 14942 | Lair:4   | Killed a four-headed hydra
 14942 | Lair:4   | Reached XP level 13. HP: 125/125 MP: 19/19
 15269 | Lair:4   | Reached skill level 10 in Invocations
 15799 | Lair:4   | Found a large runed translucent door.
 15799 | Lair:4   | Found a large runed translucent door.
 15860 | Lair:4   | Reached **** piety under Makhleb
 16058 | Lair:4   | Reached skill level 5 in Dodging
 16090 | Lair:4   | Found a staircase to the Swamp.
 16296 | Lair:4   | Found a staircase to the Snake Pit.
 16356 | Lair:4   | Got a scorched great sword
 16375 | Lair:4   | Noticed appiemonkey's ghost (journeyman MiFi)
 16879 | Lair:5   | Identified the +6 great sword "Pyital" {drain, -Tele rC+
                  | rN+ Dex+3} (You found it on level 4 of the Lair of Beasts)
 17394 | Lair:6   | Entered Level 6 of the Lair of Beasts
 18075 | Orc:1    | Entered Level 1 of the Orcish Mines
 18077 | Orc:1    | Noticed an orc warlord
 18946 | D:12     | Reached XP level 14. HP: 138/138 MP: 21/21
 19042 | D:12     | Reached ***** piety under Makhleb
 19183 | D:12     | Reached skill level 1 in Fire Magic
 19343 | D:12     | Reached skill level 1 in Spellcasting
 19938 | D:13     | Found a radiant altar of Vehumet.
 20251 | D:13     | Reached skill level 1 in Conjurations
 20446 | D:13     | Found a gate to the Vaults.
 20446 | D:13     | Noticed an ironheart preserver
 20475 | D:13     | Killed an ironheart preserver
 20758 | D:14     | Noticed Agnes
 20776 | D:13     | Killed Agnes
 21046 | D:14     | Noticed Roxanne
 21272 | D:14     | Reached skill level 5 in Fire Magic
 21789 | D:15     | Entered Level 15 of the Dungeon
 21954 | D:15     | Reached ****** piety under Makhleb
 22242 | D:15     | Reached XP level 15. HP: 143/149 MP: 22/22
 23069 | D:15     | Reached skill level 5 in Conjurations
 23233 | D:15     | Found a staircase to the Depths.
 23625 | Lair:3   | Killed Rupert
 24678 | Lair:6   | Found a deep blue altar of Sif Muna.
 24757 | Lair:6   | Reached skill level 5 in Spellcasting
 25593 | Lair:6   | Got an ichor-stained eveningstar
 25594 | Lair:6   | Identified the +6 eveningstar of Wisdom {crush, rPois rF+
                  | Str+4 Int-2} (You found it on level 6 of the Lair of
                  | Beasts)
 25746 | Lair:6   | Found a viscous altar of Jiyva.
 25746 | Lair:6   | Found a staircase to the Slime Pits.
 26093 | Lair:6   | HP: 1/152 [spiny frog (21)]
 26093 | Lair:6   | Demolished by a wolf spider

Skill      XL: |  1  2  3  4  5  6  7  8  9 10 11 12 13 14 15 |
---------------+----------------------------------------------+-----
Armour         | 1 2 3 7 9 |  9.4
Fighting       | 4 5 6 7 10 12 13 14 | 14.6
Axes           | 5 7 10 13 14 | 14.0
Dodging        | 3 4 6 |  6.3
Slings         | 1 3 7 10 12 | 12.0
Invocations    | 9 10 | 10.6
Fire Magic     | 6 8 |  8.4
Spellcasting   | 4 5 |  5.7
Conjurations   | 4 6 |  6.8
Stealth        | |  1.5

Action                   |  1- 3 |  4- 6 |  7- 9 | 10-12 | 13-15 || total
-------------------------+-------+-------+-------+-------+-------++-------
Melee: Hand axe          |    98 |   137 |       |       |       ||   235
       Whip              |    10 |       |       |       |       ||    10
       Eveningstar       |       |       |       |       |    16 ||    16
 Fire: Hunting sling     |       |    24 |   272 |   941 |  1945 ||  3182
Invok: Lesser Servant of |       |       |       |       |     3 ||     3
       Greater Servant o |       |       |       |       |     3 ||     3
Evoke: Wand              |       |       |     3 |    11 |    12 ||    26
  Use: Scroll            |     8 |     5 |     5 |    17 |    17 ||    52
       Potion            |     1 |     3 |       |     7 |     7 ||    18
 Stab: Sleeping          |     6 |     2 |       |       |       ||     8
       Distracted        |     1 |       |       |       |       ||     1
       Invisible         |       |       |       |       |     5 ||     5
  Eat: Ration            |     1 |     2 |     3 |     4 |     4 ||    14
       Chunk             |       |     2 |     1 |    13 |    16 ||    32
Armor: Robe              |    21 |    63 |    18 |    49 |       ||   151
       Leather armour    |       |       |       |    31 |   251 ||   282
Dodge: Dodged            |    79 |   137 |    57 |   149 |   506 ||   928
